Map: Simulacrum LE

Players

DIMAGA

  • Race: Zerg Zerg
  • Spawn Location: 11:00

Kelazhur - Winner!

  • Race: Terran Terran
  • Spawn Location: 5:00

Event: IEM Katowice 2020

VOD

Have the link to the VOD?

Description

Time

  • Played on: Feb. 25, 2020, 10:49 a.m.
  • Length: 11:22

All games in this series

Show
View Real Time Build Order
Export as new Build Order

DIMAGA Zerg 

Build Orders: Hatch First 

Get SALT Encoding   

  12  0:00  Drone  
  13  0:13  Overlord  
  13  0:18  Drone  
  14  0:32  Drone x2  
  16  0:49  Hatchery  
  15  0:52  Drone  
  15  0:55  Drone  
  17  0:59  Drone  
  18  1:10  Extractor  
  17  1:15  Spawning Pool  
  17  1:18  Drone  
  17  1:21  Drone  
  18  1:30  Drone  
  19  1:41  Drone  
  20  1:52  Drone  
  21  2:02  Queen x2  
  21  2:03  Zergling x4  
  27  2:19  Hatchery  
  26  2:23  Overlord  
  26  2:24  Drone  
  26  2:28  Drone  
  28  2:34  Metabolic Boost  
  28  2:40  Drone  
  28  2:48  Queen  
  28  2:53  Queen  
  28  2:55  Drone  
  31  3:06  Drone, Overlord  
  32  3:13  Drone  
  32  3:14  Zergling x4  
  33  3:29  Zergling x10  
  38  3:35  Drone x2  
  38  3:39  Overlord  
  40  3:54  Zergling x10  
  42  4:06  Drone x6  
  47  4:10  Drone x2  
  47  4:16  Drone x2  
  51  4:22  Drone  
  51  4:23  Drone  
  53  4:29  Drone x2  
  54  4:43  Queen  
  54  4:45  Drone, Overlord  
  57  5:02  Queen  
  57  5:04  Drone x6  
  65  5:08  Overlord x2  
  65  5:14  Evolution Chamber  
  64  5:15  Evolution Chamber  
  64  5:20  Drone  
  64  5:21  Drone x2  
  66  5:29  Overlord x2  
  66  5:43  Drone x9  
  66  5:44  Drone x6  
  66  5:45  Zerg Ground Armor Level 1  
  80  5:51  Extractor, Zerg Melee Weapons Level 1  
  80  5:52  Extractor  
  78  5:58  Spore Crawler  
  78  6:01  Spore Crawler  
  78  6:02  Spore Crawler  
  74  6:06  Hatchery  
  74  6:07  Drone x6  
  77  6:14  Drone x4  
  79  6:19  Drone  
  79  6:26  Lair  
  79  6:31  Drone x5, Baneling Nest  
  79  6:32  Drone  
  84  6:39  Queen x2  
  83  6:44  Extractor  
  80  6:55  Zergling x18  
  89  7:07  Overlord x2  
  89  7:09  Zergling x10  
  89  7:10  Zergling x4  
  95  7:24  Centrifical Hooks  
  95  7:26  Overseer  
  93  7:30  Drone x3  
  93  7:32  Hatchery  
  95  7:37  Hatchery  
  95  7:43  Zerg Ground Armor Level 2  
  88  7:45  Zerg Melee Weapons Level 2  
  88  7:48  Drone, Queen  
  88  7:49  Hydralisk Den  
  90  7:56  Overseer  
  90  8:03  Hatchery  
  90  8:04  Baneling x4  
  90  8:05  Zergling x28  
  92  8:10  Drone x2  
  105  8:32  Zergling x6  
  106  8:39  Hatchery  
  105  8:43  Grooved Spines  
  105  8:46  Queen x2, Infestation Pit  
  105  8:47  Queen  
  110  8:55  Zergling x6  
  112  8:57  Overlord x3  
  112  8:59  Baneling x13  
  92  9:24  Hive  
  92  9:30  Hydralisk x2  
  92  9:32  Zergling x28  
  106  9:45  Overlord x2  
  106  9:46  Hydralisk x2  
  109  9:54  Muscular Augments  
  109  9:57  Hydralisk x3  
  109  9:58  Zergling x4  
  106  10:07  Hydralisk  
  106  10:08  Zergling x14  
  115  10:15  Zergling x2  
  115  10:16  Zergling x8  
  120  10:21  Zergling x2  
  120  10:22  Zergling x14  
  120  10:27  Hatchery  
  127  10:34  Zergling x8  
  110  10:44  Zergling x14  
  101  10:52  Ultralisk Cavern, Baneling x4  
  101  10:55  Zergling x18  
  109  11:01  Zergling x4  
  89  11:05  Zergling x4  
Show
View Real Time Build Order
Export as new Build Order

Kelazhur Terran - Winner!

Build Orders:  

Get SALT Encoding   

  12  0:00  SCV  
  13  0:13  SCV  
  14  0:18  Supply Depot  
  14  0:25  SCV  
  15  0:39  SCV  
  15  0:40  Barracks  
  16  0:44  Refinery  
  16  0:51  SCV  
  17  1:00  Barracks  
  17  1:04  SCV  
  18  1:10  Refinery  
  18  1:16  SCV  
  19  1:27  Reaper  
  19  1:30  Orbital Command  
  20  1:47  Supply Depot, Reaper  
  21  1:55  SCV  
  21  2:00  Reaper  
  23  2:09  SCV  
  24  2:19  Reaper  
  24  2:20  Command Center  
  25  2:24  SCV  
  26  2:33  Reaper  
  27  2:39  SCV  
  28  2:50  Factory  
  28  2:53  SCV  
  28  2:55  Supply Depot  
  29  3:02  Reaper  
  29  3:05  SCV  
  32  3:25  SCV  
  33  3:31  Marine  
  33  3:34  Orbital Command  
  33  3:37  SCV, Marine  
  33  3:39  Starport, Factory Tech Lab  
  35  3:47  Command Center  
  35  3:49  SCV  
  35  3:54  Marine  
  37  3:55  Marine  
  38  4:09  SCV  
  36  4:11  SCV  
  36  4:12  Marine  
  36  4:13  Marine  
  39  4:21  SCV  
  39  4:23  SCV  
  40  4:30  Cloaking Field, Banshee  
  43  4:32  Barracks Reactor, Barracks Tech Lab  
  43  4:33  SCV  
  43  4:35  SCV  
  43  4:38  Barracks  
  45  4:41  Refinery  
  45  4:42  Refinery  
  45  4:45  SCV, Engineering Bay  
  45  4:46  Engineering Bay  
  45  4:49  SCV  
  45  4:50  Stimpack  
  45  4:51  Marine  
  48  4:58  SCV  
  48  4:59  Orbital Command  
  49  5:00  Factory Reactor  
  49  5:03  SCV  
  50  5:10  SCV  
  51  5:17  SCV  
  51  5:18  Banshee  
  55  5:21  Marine  
  55  5:22  Marine x2, SCV  
  55  5:24  Terran Infantry Weapons Level 1, Terran Infantry Armor Level 1  
  55  5:26  SCV  
  60  5:29  Barracks Reactor  
  60  5:30  SCV  
  60  5:33  Supply Depot  
  60  5:34  SCV  
  62  5:38  Orbital Command  
  62  5:43  SCV  
  62  5:44  Marine x3  
  62  5:46  SCV, Armory  
  67  5:55  SCV, Barracks  
  67  5:56  Barracks  
  68  5:58  SCV  
  68  6:00  Orbital Command  
  68  6:02  Supply Depot  
  69  6:09  Marine x5  
  74  6:14  SCV  
  75  6:22  SCV  
  76  6:26  SCV  
  76  6:28  Medivac x2, Siege Tank  
  76  6:29  Marine  
  85  6:33  Supply Depot  
  85  6:40  Supply Depot  
  85  6:41  Combat Shield  
  85  6:54  Marine x4, Barracks Reactor x2  
  85  6:55  SCV x2, Marauder  
  85  6:57  Barracks  
  85  6:59  Supply Depot  
  93  7:02  SCV, Medivac, Siege Tank  
  93  7:07  SCV x2  
  101  7:20  Marine x3, Terran Infantry Weapons Level 2  
  101  7:21  SCV x2, Marauder  
  108  7:25  Supply Depot  
  108  7:26  Terran Infantry Armor Level 2  
  108  7:29  SCV  
  104  7:32  Marine x3  
  104  7:34  Marine  
  108  7:44  Marine  
  108  7:46  Marine x2  
  108  7:47  Siege Tank  
  108  7:50  Supply Depot  
  114  7:51  Supply Depot  
  114  7:55  Medivac  
  116  7:58  SCV  
  116  8:04  Command Center  
  117  8:12  Marine x2, SCV x2, Medivac  
  123  8:17  Marine x4, Marauder  
  129  8:21  Supply Depot  
  129  8:23  Marine x3  
  129  8:25  Barracks  
  129  8:27  Barracks  
  132  8:29  Marine x2  
  132  8:32  Drilling Claws  
  131  8:36  Siege Tank  
  132  8:42  Medivac x2  
  132  8:45  Supply Depot  
  132  8:47  SCV x3  
  139  8:52  Supply Depot  
  139  8:53  Marine  
  139  8:54  Supply Depot  
  139  8:55  Supply Depot  
  140  8:59  SCV  
  140  9:02  Barracks Tech Lab  
  141  9:07  Marine x4, Marauder  
  141  9:08  Marine  
  148  9:11  Supply Depot  
  146  9:21  Supply Depot  
  134  9:34  Marine x9, Marauder x2  
  134  9:37  Marine  
  148  9:39  Medivac x2, Widow Mine  
  154  9:52  Marine x5  
  159  9:56  Marauder  
  161  10:00  Marauder  
  162  10:13  Marine  
  162  10:14  Marine x5  
  160  10:17  Medivac, Marauder  
  160  10:18  Supply Depot  
  160  10:19  Marine  
  160  10:21  Marine, Planetary Fortress  
  170  10:24  Refinery x2  
  170  10:25  Marine  
  170  10:26  Marine  
  173  10:31  Marine  
  173  10:32  Marine x3  
  176  10:38  Marine x2, Marauder  
  176  10:39  Marine  
  159  10:44  Marine  
  159  10:45  Marauder  
  159  10:47  Medivac x2  
  159  10:48  Widow Mine x2  
  159  10:49  Marine x4  
  147  10:52  SCV  
  150  11:01  Marine, Marauder  
  150  11:04  Marine x4  

Tags
 
Add a new tag
Caveats
  • Supply blocks, unpowered buildings, or Contaminate may cause inaccurate times.
  • Supply counts are checked every 10 seconds.